 Dungeon Crawl Stone Soup version 0.18.1-8-gdd0e5ea (webtiles) character file.

1479 deorigin the Transmogrifier (level 8, 0/64 HPs)
             Began as a Naga Transmuter on May 22, 2016.
             Was an Initiate of Cheibriados.
             Slain by a gnoll sergeant
             ... wielding a +1 trident of venom
              (9 damage)
             ... on level 7 of the Dungeon.
             The game lasted 00:22:41 (8033 turns).

deorigin the Transmogrifier (Naga Transmuter)       Turns: 8033, Time: 00:22:42

Health: 0/64       AC:  3    Str: 14      XL:     8   Next: 79%
Magic:  10/14      EV: 10    Int: 16      God:    Cheibriados [......]
Gold:   89         SH:  0    Dex: 12 (13) Spells: 5 memorised, 0 levels left

rFire  . . .     SeeInvis +       - Unarmed
rCold  . . .     Gourm    .     b - +0 robe
rNeg   . . .     Faith    .     (shield currently unavailable)
rPois  +         Spirit   .     (no helmet)
rElec  .         Dismiss  .     (no cloak)
rCorr  .         Reflect  .     (gloves currently unavailable)
SustAt .         Harm     .     (no barding)
MR     +....                    (no amulet)
Stlth  ++........               (no ring)
                                (no ring)

@: blade hands, very slow, somewhat resistant to hostile enchantments,
unstealthy
A: see invisible, deformed body, poison resistance, slowness 2, slow metabolism
1, spit poison 2, AC +2
a: Spit Poison, End Transformation, Bend Time, Renounce Religion


You were on level 7 of the Dungeon.
You worshipped Cheibriados.
Cheibriados was noncommittal.
You were very hungry.
You had blades for hands.
You visited 1 branch of the dungeon, and saw 7 of its levels.

You collected 329 gold pieces.
You spent 240 gold pieces at shops.

Inventory:

Hand Weapons
 s - a +0 vampiric short sword
 t - a +2 short sword of venom (melded)
 C - a +1 falchion of holy wrath
 M - a +0 flail
 O - a +2 flail of holy wrath
Missiles
 a - 104 arrows
 u - 30 poisoned needles
 H - a throwing net (quivered)
Armour
 b - a +0 robe (worn)
 y - a cursed +0 buckler
 z - the cursed +0 hat of a Hundred Blessings {Dex+3 Stlth+, unknown}
   (You found it on level 7 of the Dungeon)

   It affects your dexterity (+3).
   It makes you more stealthy.
   It has a curse placed upon it.
 D - a +0 scale mail
 P - a +0 chain mail
Jewellery
 h - an uncursed ring of wizardry {unknown}
Wands
 B - a wand of flame (10/48)
 G - a wand of disintegration (7/24)
Scrolls
 f - 2 scrolls of random uselessness {unknown}
 g - 7 scrolls of identify {unknown}
 j - a scroll of enchant armour {unknown}
 o - 2 scrolls of magic mapping {unknown}
 p - 2 scrolls of immolation {unknown}
 r - a scroll of recharging {unknown}
 E - 4 scrolls of teleportation {unknown}
 F - 2 scrolls of remove curse {unknown}
Potions
 e - 2 potions of cure mutation {unknown}
 k - 2 potions of might
 n - a potion of mutation {unknown}
 q - 6 potions of brilliance {unknown}
 v - 3 potions of lignification {unknown}
 w - a potion of curing
 A - a potion of cancellation {unknown}
 I - a potion of flight {unknown}
 K - a potion of berserk rage {unknown}
 N - a potion of ambrosia {unknown}
Books
 c - a book of Changes

   Spells                             Type                      Level
   a - Beastly Appendage              Transmutation                1
   b - Sticks to Snakes               Transmutation                2
   c - Spider Form                    Transmutation/Poison         3
   d - Ice Form                       Ice/Transmutation            4
   e - Blade Hands                    Transmutation                5
 x - a book of Enchantments

   Spells                             Type                      Level
   a - Cause Fear                     Hexes                        4
   b - Yara's Violent Unravelling     Hexes/Transmutation          5
   c - Silence                        Hexes/Air                    5
   d - Deflect Missiles               Charms/Air                   6
   e - Haste                          Charms                       6
   f - Discord                        Hexes                        8
Comestibles
 d - 7 bread rations
 i - 5 meat rations
 l - 3 slices of pizza
 m - 2 royal jellies
 J - 2 beef jerkies
 L - 3 fruits


   Skills:
 - Level 1.0 Fighting
 - Level 1.5 Dodging
 - Level 3.0 Stealth
 - Level 3.0 Unarmed Combat
 - Level 4.2 Spellcasting
 + Level 9.2 Transmutations
 - Level 3.6 Poison Magic


You couldn't memorise any spells.
You knew the following spells:

 Your Spells              Type           Power        Failure   Level  Hunger
a - Beastly Appendage     Trmt           ####..       12%         1    None
b - Sticks to Snakes      Trmt           ####....     14%         2    ##.....
c - Spider Form           Trmt/Pois      ###.......   28%         3    ###....
d - Blade Hands           Trmt           ####......   50%         5    ######.
e - Ice Form              Ice/Trmt       ###.....     71%         4    ####...


Dungeon Overview and Level Annotations

Branches:
Dungeon (7/15)             Temple (0/1) D:7

Altars:
Ashenzari
Cheibriados
Dithmenos
Fedhas
Kikubaaqudgha
Nemelex Xobeh
Okawaru
Qazlal
Ru
Trog
Yredelemnul
The Shining One

Shops:
D:4 !

Annotations:
D:6 Tux's ghost, novice VSMo


Innate Abilities, Weirdness & Mutations

You cannot wear boots.
Your serpentine skin is tough (AC +2).
You have supernaturally acute eyesight.
Armour fits poorly on your strangely shaped body.
Your system is resistant to poisons.
You cover ground very slowly.
You have a slow metabolism.
You can spit poison.


Message History

The gnoll hits you from afar with a spear!
You barely miss the gnoll.
The gnoll is heavily wounded.
The gnoll hits you with a spear! The gnoll closely misses you.
You barely miss the gnoll.
The gnoll is heavily wounded.
The gnoll closely misses you.
The gnoll hits you from afar with a spear.
You slash the gnoll!
You kill the gnoll!
Cheibriados thoroughly appreciates the change of pace.
The gnoll hits you from afar with a spear.
Unknown command.
The gnoll barely misses you.
The gnoll sergeant hits you from afar with a trident of venom!
* * * LOW HITPOINT WARNING * * *
The gnoll hits you with a spear.
* * * LOW HITPOINT WARNING * * *
The gnoll sergeant hits you from afar with a trident of venom!
You die...

#...#...#...#...#..#
#......#...#
.................#.#
#........#..
##################.#
######.#...# #.#
##..#.. #.# ###.##
###.### ### #.....#
#.#.#.# #@#...#
..$...g##.### ♣
##.##.g #.# ♣♣ #.#.
#.# ♣. ..##. #.. ♣♣
.$. .$ .# ♣ #). #.
.# #.


You could see a gnoll sergeant and a gnoll.

Vanquished Creatures
  A spriggan (D:7)
  2 sky beasts
  An ice beast (D:7)
  A centaur (D:7)
  2 giant frogs
  2 howler monkeys
  3 crimson imps
  5 hounds
  A quasit (D:7)
  A jelly (D:6)
  3 orc priests (D:6)
  3 orc wizards
  Natasha (twice) (D:3)
  A worker ant (D:4)
  A hound skeleton (D:5)
  A worker ant zombie (D:5)
  A howler monkey zombie (D:5)
  3 adders
  A gnoll (D:7)
  2 shadow imps
  2 oozes
  3 worms
  A dart slug (D:5)
  2 giant geckos
  16 orcs
  6 bats
  4 giant cockroaches
  10 goblins
  10 hobgoblins
  12 jackals
  6 kobolds
  3 quokkas
  3 ball pythons
  A giant gecko skeleton (D:4)
  8 giant newts
  A quokka zombie (D:7)
  4 rats
129 creatures vanquished.

Vanquished Creatures (collateral kills)
  2 orcs (D:4)
2 creatures vanquished.

Grand Total: 131 creatures vanquished

Notes
Turn   | Place    | Note
--------------------------------------------------------------
     0 | D:1      | deorigin the Naga Transmuter began the quest for the Orb.
     0 | D:1      | Reached XP level 1. HP: 18/18 MP: 3/3
   394 | D:1      | Reached XP level 2. HP: 25/25 MP: 5/5
   778 | D:1      | Reached skill level 3 in Transmutations
  1385 | D:2      | Learned a level 2 spell: Sticks to Snakes
  1434 | D:2      | Reached XP level 3. HP: 29/31 MP: 6/6
  1805 | D:2      | Found a sacrificial altar of Ru.
  1805 | D:2      | Found an iron altar of Okawaru.
  1811 | D:2      | Found an ancient bone altar of Kikubaaqudgha.
  1812 | D:2      | Found a stormy altar of Qazlal.
  1820 | D:2      | Found a bloodstained altar of Trog.
  2086 | D:2      | Reached skill level 4 in Transmutations
  2479 | D:3      | Reached XP level 4. HP: 26/38 MP: 5/7
  2577 | D:3      | Learned a level 3 spell: Spider Form
  2877 | D:3      | Found a shattered altar of Ashenzari.
  2888 | D:3      | Reached skill level 1 in Poison Magic
  3240 | D:3      | Noticed Natasha
  3244 | D:3      | Killed Natasha
  3274 | D:3      | Found a glowing golden altar of the Shining One.
  3478 | D:3      | Noticed Natasha
  3482 | D:3      | Killed Natasha
  3482 | D:3      | Reached XP level 5. HP: 33/44 MP: 6/8
  3532 | D:4      | Found Gaunits's Distillery.
  3548 | D:4      | Bought a potion of curing for 30 gold pieces
  3548 | D:4      | Bought a potion of might for 40 gold pieces
  3548 | D:4      | Bought a potion of heal wounds for 50 gold pieces
  3548 | D:4      | Bought a potion of agility for 40 gold pieces
  3548 | D:4      | Bought a potion of heal wounds for 50 gold pieces
  3558 | D:4      | Bought a potion of curing for 30 gold pieces
  3850 | D:4      | Reached XP level 6. HP: 30/51 MP: 9/9
  3856 | D:4      | Reached skill level 5 in Transmutations
  4472 | D:4      | Found a sparkling altar of Nemelex Xobeh.
  4856 | D:5      | Entered Level 5 of the Dungeon
  4875 | D:5      | Found a basalt altar of Yredelemnul.
  5033 | D:5      | Noticed a sky beast
  5053 | D:5      | Killed a sky beast
  5053 | D:5      | Reached skill level 6 in Transmutations
  5134 | D:5      | Reached XP level 7. HP: 45/57 MP: 8/10
  5326 | D:5      | Found a blossoming altar of Fedhas.
  6020 | D:5      | Reached skill level 7 in Transmutations
  6527 | D:6      | Reached skill level 8 in Transmutations
  6694 | D:6      | Reached XP level 8. HP: 59/64 MP: 11/11
  6778 | D:6      | Noticed Tux's ghost (novice VSMo)
  6806 | D:7      | HP: 3/64 [adder (3)]
  7046 | D:7      | Found a snail-covered altar of Cheibriados.
  7097 | D:7      | Became a worshipper of Cheibriados the Contemplative
  7357 | D:7      | Reached skill level 9 in Transmutations
  7402 | D:7      | Learned a level 5 spell: Blade Hands
  7662 | D:7      | Found a staircase to the Ecumenical Temple.
  7717 | D:7      | Noticed a spriggan baker
  7722 | D:7      | Killed a spriggan baker
  7881 | D:7      | Learned a level 4 spell: Ice Form
  7930 | D:7      | Got a distressingly furry hat
  7940 | D:7      | Found a shadowy altar of Dithmenos.
  8033 | D:7      | Slain by a gnoll sergeant

Skill      XL: |  1  2  3  4  5  6  7  8 |
---------------+-------------------------+-----
Transmutations | 3 4 6 8 9 |  9.2
Poison Magic   | 3 |  3.6
Stealth        | 3 |  3.0
Spellcasting   | 4 |  4.2
Fighting       | |  1.0
Dodging        | |  1.5
Unarmed Combat | |  3.0

Action                   |  1- 3 |  4- 6 |  7- 9 || total
-------------------------+-------+-------+-------++-------
Melee: Unarmed           |   132 |    15 |    24 ||   171
       Headbutt          |     3 |    13 |    16 ||    32
       Punch             |     1 |       |     2 ||     3
       Short sword       |       |    87 |   157 ||   244
       Flail             |       |       |     1 ||     1
 Cast: Beastly Appendage |     6 |    14 |    14 ||    34
       Sticks to Snakes  |       |     2 |     4 ||     6
       Spider Form       |       |     1 |     2 ||     3
       Blade Hands       |       |       |     3 ||     3
 Abil: Spit Poison       |    28 |    23 |    13 ||    64
  Use: Potion            |       |       |     5 ||     5
 Stab: Sleeping          |       |     1 |     2 ||     3
       Distracted        |       |       |     2 ||     2
  Eat: Chunk             |     5 |     9 |     8 ||    22
       Fruit             |       |       |     1 ||     1
Armor: Robe              |    18 |    31 |    50 ||    99
       Skin              |       |     1 |     1 ||     2
Dodge: Dodged            |    68 |    77 |   140 ||   285
